[Event "Team 45 45 League T35 u"]
[Site "Internet Chess Club"]
[Date "2007.11.03"]
[Round "3"]
[White "Scotty2Cues"]
[Black "Capamuerte"]
[Result "1-0"]
[WhiteElo "2019"]
[BlackElo "2176"]
[Opening "KGA: Fischer defense"]
[ECO "C30"]
[Time "11:05:30"]
[TimeControl "2700+45"]

1. e4 e5 2. f4 d6 3. Nf3 exf4 4. d4 g5 5. h4 g4 6. Ng1 Bh6 7. Nc3 a6 8. Qd3 Bd7
9. Nge2 Nf6 10. Bxf4 Bxf4 11. Nxf4 Nc6 12. a3 Ne7 13. g3 Ng6 14. Qe3 Nxf4 15.
Qxf4 Qe7 16. h5 O-O-O 17. O-O-O Rdg8 18. Bd3 Ne8 19. Rdf1 Rf8 20. Nd5 Qd8 21. h6
Be6 22. Ne3 Rfg8 23. d5 Bd7 24. Qxf7 Rf8 25. Qh5 Nf6 26. Qh4 Rf7 27. Rf4 Rhf8
28. Rhf1 Be8 29. Nxg4 Nxg4 30. Qxg4+ Bd7 31. Qh5 Rxf4 32. gxf4 Be8 33. Qg5 Qd7
34. f5 c5 35. dxc6 Qxc6 36. Qg7 Rf7 37. Qc3 b5 38. Qxc6+ Bxc6 39. Rg1 Kd7 40.
Kd2 Ke7 41. Ke3 Kf6 42. Kf4 Bd7 43. Rg8 Re7 44. Ra8 Bc6 45. Rf8+ Rf7 46. Rxf7+
Kxf7 47. e5 dxe5+ 48. Kxe5 a5 49. f6 Bf3 50. Bxh7 {Black resigns} 1-0

[Event "Team 45 45 League T35"]
[Site "Internet Chess Club"]
[Date "2007.11.06"]
[Round "3"]
[White "NFork"]
[Black "alec-805"]
[Result "1/2-1/2"]
[WhiteElo "2187"]
[BlackElo "2349"]
[Opening "Bird's opening"]
[ECO "A03"]
[Time "16:42:05"]
[TimeControl "2700+45"]

1. f4 d5 2. Nf3 Bg4 3. e3 Nd7 4. d4 Ngf6 5. Bd3 e6 6. O-O Ne4 7. c4 g5 8. cxd5
exd5 9. Qb3 gxf4 10. Qxd5 Nef6 11. Qxb7 fxe3 12. Bxe3 Rb8 13. Qxa7 Rxb2 14. Nbd2
Bd6 15. Nc4 Bxf3 16. Nxb2 Bxh2+ 17. Kxh2 Ng4+ 18. Kh3 Bxg2+ 19. Kxg2 Rg8 20. Kh3
Nxe3 21. Rg1 Rg5 22. Rxg5 Qxg5 23. Qa8+ Ke7 24. Qe4+ Kf8 25. Re1 Nd5 26. Rf1
N7f6 27. Qf5 Qh6+ 28. Kg3 Nh5+ 29. Kh2 Nhf4+ 30. Kg3 Nh5+ 31. Kh2 Nhf4+ 32. Kg3
{Game drawn by mutual agreement} 1/2-1/2

[Event "Team 45 45 League T35"]
[Site "Internet Chess Club"]
[Date "2007.11.04"]
[Round "3"]
[White "gorgon"]
[Black "Chessrascal"]
[Result "1/2-1/2"]
[WhiteElo "2122"]
[BlackElo "2135"]
[Opening "Neo-Grünfeld, 6.O-O c6"]
[ECO "D78"]
[Time "16:03:10"]
[TimeControl "2700+45"]

1. d4 Nf6 2. Nf3 g6 3. g3 Bg7 4. Bg2 O-O 5. O-O d5 6. c4 c6 7. Nbd2 Bf5 8. b3
Ne4 9. Bb2 Nd7 10. cxd5 cxd5 11. Nh4 Rc8 12. Nxf5 gxf5 13. Nf3 e6 14. Qd3 Qe7
15. Rfc1 Bh6 16. e3 Bg7 17. a4 Rfd8 18. a5 Qe8 19. Ba3 a6 20. Nd2 Rxc1+ 21. Rxc1
Rc8 22. Nxe4 fxe4 23. Qd2 Nb8 24. f3 exf3 25. Bxf3 Rxc1+ 26. Qxc1 Nc6 27. Qd2
Qd8 28. Bb4 Bf8 29. Bc3 Bh6 30. Kf2 f5 31. h4 Bf8 32. Kg2 Bd6 33. Kh3 Bc7 34. b4
Qd6 35. Qe1 Qe7 36. g4 Qd6 37. Qf2 fxg4+ 38. Bxg4 Ne7 39. Qf4 Qxf4 40. exf4 Kf7
41. Bh5+ Kf6 42. Kg4 Nf5 43. Be8 Ke7 44. Ba4 Nd6 45. Bc2 Ne8 46. Kf3 Nf6 47. f5
{Game drawn by mutual agreement} 1/2-1/2

[Event "Team 45 45 League T35"]
[Site "Internet Chess Club"]
[Date "2007.11.04"]
[Round "3"]
[White "kingsmaker825"]
[Black "The7thGuest"]
[Result "1/2-1/2"]
[WhiteElo "1856"]
[BlackElo "2057"]
[Opening "French: exchange variation"]
[ECO "C01"]
[Time "15:02:35"]
[TimeControl "2700+45"]

1. e4 e6 2. d4 d5 3. exd5 Qxd5 4. Nf3 Nf6 5. Bd3 c5 6. Nc3 Qd8 7. dxc5 Bxc5 8.
O-O h6 9. Qe2 Nc6 10. Rd1 Bd7 11. Ne4 Nxe4 12. Bxe4 Qc7 13. Be3 Bxe3 14. Qxe3
O-O 15. Rd2 Rfd8 16. Rad1 Be8 17. c3 Rxd2 {Game drawn by mutual agreement}
1/2-1/2

[Event "Team 45 45 League T35"]
[Site "Internet Chess Club"]
[Date "2007.11.04"]
[Round "3"]
[White "tammany"]
[Black "Ernie1"]
[Result "1-0"]
[WhiteElo "1582"]
[BlackElo "1611"]
[Opening "QGD semi-Slav"]
[ECO "D43"]
[Time "21:59:19"]
[TimeControl "2700+45"]

1. d4 c6 2. c4 d5 3. Nf3 Nf6 4. Nc3 e6 5. Bg5 Nbd7 6. cxd5 exd5 7. Ne5 Qa5 8.
Nxd7 Nxd7 9. e3 Bb4 10. Qc2 h6 11. Bh4 O-O 12. Bd3 Re8 13. O-O Be7 14. Bg3 Nf6
15. h3 Be6 16. a3 Rac8 17. b4 Qd8 18. Na4 b6 19. Ba6 Ne4 20. Bh2 Bh4 21. Bxc8
Qxc8 22. Nc3 Ng5 23. Qe2 Nxh3+ 24. gxh3 Bxh3 25. Qh5 Bg5 26. Bf4 g6 27. Qf3 Bxf1
28. Bxg5 hxg5 29. Kxf1 g4 30. Qg3 Qf5 31. e4 dxe4 32. Re1 Qh5 33. Kg2 f5 34. Rh1
Qg5 35. Qc7 Re7 36. Qd8+ Kg7 37. Rh8 Kf6 38. Rh7 Ke6 39. d5+ cxd5 40. Nxd5 g3
41. Rxe7+ {Black resigns} 1-0

[Event "Team 45 45 League T35"]
[Site "Internet Chess Club"]
[Date "2007.11.06"]
[Round "3"]
[White "NESKAYA"]
[Black "b-spot"]
[Result "0-1"]
[WhiteElo "1558"]
[BlackElo "1605"]
[Opening "Sicilian: Alapin's variation (2.c3)"]
[ECO "B22"]
[Time "18:55:35"]
[TimeControl "2700+45"]

1. e4 c5 2. c3 Nf6 3. e5 Nd5 4. d4 cxd4 5. Qxd4 e6 6. c4 Nc6 7. Qd1 Nb6 8. Nf3
d5 9. cxd5 Qxd5 10. Qxd5 Nxd5 11. Bb5 Bb4+ 12. Bd2 O-O 13. Bxc6 Bxd2+ 14. Nbxd2
bxc6 15. O-O Rb8 16. b3 Bb7 17. Rfe1 Rfd8 18. Rac1 Nb4 19. Nc4 Nd3 20. Red1 Nxc1
21. Rxc1 f6 22. h3 c5 23. Ne1 fxe5 24. Nxe5 Rd5 25. N5d3 Rbd8 26. Nf4 Rd1 27.
Ne2 Rxc1 28. Nxc1 Rd1 29. Nd3 Ba6 30. Nxc5 Rxe1+ 31. Kh2 Bc8 {White resigns} 0-1

[Event "Team 45 45 League T35"]
[Site "Internet Chess Club"]
[Date "2007.11.04"]
[Round "3"]
[White "dougmo"]
[Black "Jozin"]
[Result "1-0"]
[WhiteElo "1578"]
[BlackElo "1633"]
[Opening "Petrov: Nimzovich attack"]
[ECO "C42"]
[Time "12:02:18"]
[TimeControl "2700+45"]

1. e4 e5 2. Nf3 Nf6 3. Nxe5 d6 4. Nf3 Nxe4 5. Nc3 d5 6. Qe2 Be7 7. Nxe4 dxe4 8.
Qxe4 O-O 9. Bd3 f5 10. Qc4+ Kh8 11. O-O Nd7 12. Re1 b6 13. Bf1 Bb7 14. Ne5 Nxe5
15. Rxe5 Bd6 16. Re1 Qf6 17. d4 Rae8 18. Bd2 Re4 19. Rxe4 fxe4 20. Be3 Qh4 21.
g3 Qf6 22. c3 a5 23. Bg2 Qf5 24. a3 h5 25. Rd1 Qg4 26. Re1 h4 27. d5 hxg3 28.
hxg3 Re8 29. Qd4 Re5 30. c4 Re7 31. Qd1 Qf5 32. Qd2 Bc8 33. Bg5 Re8 34. Bf4 Bxf4
35. Qxf4 Qxf4 36. gxf4 Bf5 37. Re3 Kg8 38. f3 Bd7 39. fxe4 g6 40. Kf2 Kg7 41. e5
Bf5 42. Be4 Bc8 43. Ke2 g5 44. Rg3 g4 45. Ke3 Rh8 46. f5 Kf7 47. Kf4 Re8 48.
Rxg4 Rh8 49. e6+ Ke7 50. Ke5 Rh7 51. f6+ Kf8 52. Bxh7 {Black resigns} 1-0

[Event "Team 45 45 League T35"]
[Site "Internet Chess Club"]
[Date "2007.11.03"]
[Round "3"]
[White "MarcoDeSade"]
[Black "werty"]
[Result "1-0"]
[WhiteElo "1499"]
[BlackElo "1450"]
[Opening "French: exchange variation"]
[ECO "C01"]
[Time "11:55:41"]
[TimeControl "2700+45"]

1. e4 e6 2. d4 d5 3. exd5 exd5 4. Nf3 Bd6 5. Be2 Nf6 6. Bg5 Nbd7 7. O-O O-O 8.
Re1 Be7 9. c3 c6 10. Nbd2 Ng4 11. Bxe7 Qxe7 12. Bd3 Qf6 13. Qe2 g6 14. Qe7 Qxe7
15. Rxe7 Ndf6 16. Rae1 Bd7 17. h3 Nh6 18. Ne5 Rad8 19. Ndf3 Nf5 20. Bxf5 Bxf5
21. Rxb7 Rb8 22. Rxb8 Rxb8 23. b4 Rc8 24. g4 Be6 25. Ng5 h6 26. Nxe6 fxe6 27.
Nxg6 Kf7 28. Nf4 Re8 29. f3 Nh7 30. Kg2 Nf6 31. Kg3 Nd7 32. a3 Kf6 33. Nd3 Nb6
34. Nc5 Nc4 35. a4 a5 36. bxa5 Nxa5 37. Nd7+ Kf7 38. f4 Re7 39. Ne5+ Kf6 40. Rb1
Ra7 41. Rb6 Nc4 42. Nxc4 dxc4 43. Rxc6 Rxa4 44. d5 {Black resigns} 1-0

[Event "Team 45 45 League T35"]
[Site "Internet Chess Club"]
[Date "2007.11.04"]
[Round "3"]
[White "mongmong"]
[Black "Grenadier"]
[Result "1/2-1/2"]
[WhiteElo "1716"]
[BlackElo "1765"]
[Opening "QGD Slav"]
[ECO "D11"]
[Time "18:56:26"]
[TimeControl "2700+45"]

1. d4 d5 2. Nf3 Nf6 3. e3 c6 4. c4 e6 5. Nbd2 Bd6 6. Bd3 Qc7 7. O-O Nbd7 8. b3
b6 9. Bb2 Bb7 10. Qc2 Rc8 11. Rac1 h5 12. h3 c5 13. cxd5 Nxd5 14. a3 O-O 15. Qd1
Qb8 16. Ng5 N7f6 17. dxc5 Rxc5 18. Rxc5 Bxc5 19. Qe2 Bd6 20. Nge4 Be5 21. Nxf6+
Nxf6 22. Bxe5 Qxe5 23. Nb1 Rd8 24. Rc1 Qd5 25. Qf3 Qxf3 26. gxf3 Rxd3 27. Kg2
Rxb3 28. Nd2 Rxa3 29. Nc4 Ra4 30. Nd6 Ba6 31. Rc7 Ra1 32. Nxf7 h4 33. Ng5 g6 34.
Nxe6 Bf1+ 35. Kh2 Bxh3 36. Kxh3 Rh1+ 37. Kg2 Ra1 38. Rg7+ Kh8 39. Rxg6 Nd5 40.
Rh6+ Kg8 41. Rxh4 Ra2 42. Kg3 Kf7 43. Nd4 a6 44. Rh5 Nc3 45. Rh7+ Kg6 46. Rc7
Nd1 47. Rc6+ Kf7 48. Rxb6 Nxf2 49. Rb7+ Kf6 50. Ra7 Nd3 51. Nb5 a5 52. Nc3 Ra3
53. Nb5 Ra4 54. Nc3 Ra1 55. Nd5+ Ke5 56. Nf4 Nxf4 57. exf4+ Kf5 58. Rf7+ Ke6 59.
Ra7 a4 60. Ra5 a3 61. f5+ Kf6 62. Kf4 a2 63. Ra6+ Ke7 64. Ra7+ Kf6 65. Ra6+ Ke7
66. Re6+ Kf7 67. Ra6 Ke7 68. f6+ Kf7 69. Kf5 Rf1 70. Rxa2 Rxf3+ 71. Ke5 {Game
drawn by mutual agreement} 1/2-1/2

[Event "Team 45 45 League T35"]
[Site "Internet Chess Club"]
[Date "2007.11.04"]
[Round "3"]
[White "MathWorker"]
[Black "Bdayton"]
[Result "1-0"]
[WhiteElo "1522"]
[BlackElo "1643"]
[Opening "Pirc: classical (two knights) system"]
[ECO "B08"]
[Time "20:59:35"]
[TimeControl "2700+45"]

1. e4 d6 2. d4 Nf6 3. Nc3 g6 4. Nf3 Bg7 5. Bg5 O-O 6. Qd2 Re8 7. Bd3 e5 8. dxe5
dxe5 9. Nd5 Nc6 10. Bxf6 Bxf6 11. Nxf6+ Qxf6 12. O-O-O Bg4 13. Be2 Red8 14. Qe3
Rxd1+ 15. Rxd1 Bxf3 16. Bxf3 Rd8 17. c3 Rxd1+ 18. Bxd1 Qd6 19. Qf3 Na5 20. h4
Qe6 21. Kb1 Nc4 22. Qe2 Qd6 23. Kc1 Nb6 24. Bb3 Qf6 25. g3 Kf8 26. Qd2 h5 27.
Kd1 Qf3+ 28. Qe2 Qf6 29. Ke1 Qd6 30. Qd2 Qd7 31. Qh6+ Kg8 32. Qxg6+ Kf8 33. Qh6+
Ke7 34. Qg5+ f6 35. Qg7+ {Black resigns} 1-0

[Event "Team 45 45 League T35"]
[Site "Internet Chess Club"]
[Date "2007.11.02"]
[Round "3"]
[White "holtmild"]
[Black "Mudfrog"]
[Result "1-0"]
[WhiteElo "1559"]
[BlackElo "1453"]
[Opening "French: Swiss variation"]
[ECO "C11"]
[Time "16:55:51"]
[TimeControl "2700+45"]

1. e4 e6 2. d4 d5 3. Nc3 Nf6 4. Bd3 c5 5. Bb5+ Nfd7 6. Nf3 a6 7. Bxd7+ Bxd7 8.
Bf4 Nc6 9. dxc5 Bxc5 10. exd5 exd5 11. Nxd5 Qa5+ 12. c3 O-O 13. b4 Rfe8+ 14. Ne3
Bxb4 15. cxb4 Qxb4+ 16. Qd2 Qxf4 17. Qxd7 Qb4+ 18. Qd2 Qb5 19. Rd1 Rad8 20. Qc2
Qa5+ 21. Nd2 Qb5 22. Qc4 Qb2 23. Qb3 Qxb3 24. axb3 b5 25. O-O Rd3 26. Rfe1 g6
27. Kf1 Red8 28. Re2 a5 29. Nc2 b4 30. Ke1 a4 31. Rb1 a3 32. g3 Rc3 33. Kd1 a2
34. Ra1 Rxc2 35. Kxc2 Nd4+ 36. Kd1 Nxe2 37. Kxe2 Re8+ 38. Kd1 Ra8 39. Kc2 Rc8+
40. Kb2 h5 41. Rxa2 Kg7 42. Ra6 Re8 43. f4 Re2 44. Kc1 Rxh2 45. Rb6 Rh3 46. Ne4
Rh1+ 47. Kc2 Rh2+ 48. Kd3 h4 49. gxh4 Rh3+ 50. Kc4 Rxh4 51. Rxb4 Rxf4 52. Kd5 f5
53. Rb7+ Kh6 54. Nc5 Kg5 55. Ne6+ Kg4 56. Nxf4 Kxf4 57. b4 g5 58. Rc7 g4 59. Rc1
g3 60. b5 Kg4 61. b6 f4 62. b7 g2 63. b8=Q f3 64. Qg8+ Kf4 65. Qf7+ Kg3 66. Qg6+
Kf2 67. Qc2+ Kg3 68. Rg1 Kh2 69. Qf2 Kh3 70. Qxf3+ Kh2 71. Qxg2# {Black
checkmated} 1-0

[Event "Team 45 45 League T35"]
[Site "Internet Chess Club"]
[Date "2007.11.04"]
[Round "3"]
[White "scar99"]
[Black "Glassywoman"]
[Result "1-0"]
[WhiteElo "1543"]
[BlackElo "1403"]
[Opening "Philidor: exchange variation"]
[ECO "C41"]
[Time "10:58:26"]
[TimeControl "2700+45"]

1. e4 e5 2. Nf3 d6 3. d4 exd4 4. Nxd4 h6 5. Nc3 c6 6. Bc4 Nf6 7. O-O Be7 8. Be3
O-O 9. Qd2 Ng4 10. Bf4 Kh7 11. Bd3 Kh8 12. Rae1 Ne5 13. Be2 Kh7 14. Rd1 Bg4 15.
f3 Be6 16. b3 Nbd7 17. Be3 Nf6 18. f4 Neg4 19. f5 Bd7 20. Bf4 c5 21. Nf3 a6 22.
h3 Ne5 23. Nxe5 dxe5 24. Bxe5 Qb6 25. Bxf6 Bxf6 26. Nd5 Bd4+ 27. Kh1 Qc6 28. c3
Be5 29. Rf3 Bb8 30. Nf4 Rd8 31. Qe1 Qxe4 32. Nd5 Re8 33. Re3 Qxf5 34. Bd3 Rxe3
35. Nxe3 Qxd3 36. Rxd3 Bc6 37. Qf2 f6 38. Qf5+ Kg8 39. Rd8+ Kf7 40. Ng4 a5 41.
Ne5+ {Black resigns} 1-0

[Event "Team 45 45 League T35"]
[Site "Internet Chess Club"]
[Date "2007.11.02"]
[Round "3"]
[White "Beancounter"]
[Black "AntonioMendonca"]
[Result "1-0"]
[WhiteElo "1775"]
[BlackElo "1653"]
[Opening "King's Indian: Petrosian system, Stein variation"]
[ECO "E92"]
[Time "15:23:19"]
[TimeControl "2700+45"]

1. Nf3 Nf6 2. c4 g6 3. Nc3 d6 4. e4 Bg7 5. d4 O-O 6. Be2 e5 7. d5 a5 8. Be3 Na6
9. O-O Ng4 10. Bg5 f6 11. Bh4 h5 12. h3 Nh6 13. Nd2 Qe8 14. b3 f5 15. f3 Bf6 16.
Bxf6 Rxf6 17. a3 Bd7 18. Rb1 f4 19. b4 axb4 20. axb4 g5 21. Nb3 c5 22. b5 Nb4
23. Kh2 Qc8 24. Ra1 Rxa1 25. Qxa1 Nc2 26. Qb2 Ne3 27. Rg1 g4 28. hxg4 hxg4 29.
Rh1 gxf3 30. Bxf3 Nxc4 31. Qf2 Ne3 32. Qh4 Rg6 33. Kg1 Qf8 34. Na5 b6 35. Nc6
Bxc6 36. bxc6 Nc4 37. c7 Nd2 38. Kf2 Kf7 39. Qd8 Nxf3 40. Qxf8+ Kxf8 41. c8=Q+
Kg7 42. gxf3 {Black resigns} 1-0

[Event "Team 45 45 League T35"]
[Site "Internet Chess Club"]
[Date "2007.11.04"]
[Round "3"]
[White "lmadueno"]
[Black "Stav"]
[Result "0-1"]
[WhiteElo "1570"]
[BlackElo "1652"]
[Opening "Sicilian: Grand Prix attack"]
[ECO "B21"]
[Time "17:01:21"]
[TimeControl "2700+45"]

1. e4 c5 2. f4 d5 3. e5 e6 4. Nf3 Nc6 5. d3 Nge7 6. Be2 Nf5 7. c3 Be7 8. Ng5
Bxg5 9. fxg5 Nxe5 10. O-O Qb6 11. Bf4 Ng6 12. Qd2 Nxf4 13. Rxf4 Bd7 14. a4 O-O
15. Kh1 d4 16. Na3 Ne3 17. Nc4 Nxc4 18. dxc4 e5 19. Re4 Qc7 20. cxd4 exd4 21.
Rh4 Bf5 22. Bf3 Rae8 23. b4 b6 24. b5 Re3 25. Bd5 Qe7 26. Rf1 Be6 27. Re4 Rxe4
28. Bxe4 Bxc4 29. Re1 Qd6 30. Qc2 Bd5 31. Bxh7+ Kh8 32. Qf5 g6 33. Qh3 Bxg2+ 34.
Kxg2 Qd5+ 35. Kg1 Qxg5+ 36. Kf2 Kg7 37. Rg1 Qe3+ 38. Qxe3 dxe3+ 39. Kxe3 Kxh7
40. h4 Re8+ 41. Kd3 Rd8+ 42. Ke4 Rd4+ 43. Ke5 Rxh4 44. Rf1 Kg7 45. Rd1 f6+ 46.
Ke6 Rd4 47. Re1 g5 48. Rf1 Rf4 49. Rd1 Rxa4 50. Rd7+ Kg6 51. Rd8 Re4+ {White
resigns} 0-1

[Event "Team 45 45 League T35"]
[Site "Internet Chess Club"]
[Date "2007.11.05"]
[Round "3"]
[White "lw"]
[Black "Cantemir"]
[Result "1-0"]
[WhiteElo "1527"]
[BlackElo "1487"]
[Opening "Robatsch defense: two knights variation"]
[ECO "B06"]
[Time "18:01:11"]
[TimeControl "2700+45"]

1. e4 g6 2. d4 d6 3. Nc3 Bg7 4. Nf3 e6 5. Be3 Ne7 6. Qd2 O-O 7. h4 h5 8. g4 hxg4
9. Nh2 f5 10. Bh6 Nbc6 11. Bxg7 Kxg7 12. h5 Rh8 13. Nxg4 fxg4 14. h6+ Kf7 15.
Qf4+ Ke8 16. Qf6 Ng8 17. Qxh8 Nxd4 18. Qxg8+ Kd7 19. Qg7+ Qe7 20. Qxd4 e5 21.
Qe3 Qh7 22. O-O-O b6 23. Nd5 Qh8 24. h7 c6 25. Nc3 Kc7 26. Qg5 Bf5 27. exf5 gxf5
28. Qe7+ Kb8 29. Rxd6 a5 30. Rd8+ {Black resigns} 1-0

[Event "Team 45 45 League T35"]
[Site "Internet Chess Club"]
[Date "2007.11.02"]
[Round "3"]
[White "PatoJuca"]
[Black "Luckydawg"]
[Result "1-0"]
[WhiteElo "1777"]
[BlackElo "1661"]
[Opening "Pirc: 150 attack"]
[ECO "B07"]
[Time "07:45:49"]
[TimeControl "2700+45"]

1. d4 d6 2. e4 Nf6 3. Nc3 g6 4. Be3 c6 5. Qd2 b5 6. Bd3 Nbd7 7. Nf3 Qc7 8. O-O
Bg7 9. Bh6 O-O 10. Ne2 Rb8 11. Bxg7 Kxg7 12. c3 c5 13. Ng3 a6 14. Nh4 Nb6 15.
Qg5 e6 16. e5 Ng8 17. Nh5+ Kh8 18. Nf6 Nd7 19. Nxh7 Kxh7 20. Nxg6 f5 21. exf6
{Black resigns} 1-0

[Event "Team 45 45 League T35"]
[Site "Internet Chess Club"]
[Date "2007.11.03"]
[Round "3"]
[White "boffman"]
[Black "OGO"]
[Result "0-1"]
[WhiteElo "1586"]
[BlackElo "1667"]
[Opening "English, 1...Nf6 (Anglo-Indian defense)"]
[ECO "A15"]
[Time "15:02:22"]
[TimeControl "2700+45"]

1. c4 Nf6 2. g3 d6 3. Nf3 b6 4. Bg2 Bb7 5. O-O e6 6. d4 Nbd7 7. Nc3 Be7 8. e4 e5
9. Re1 O-O 10. b3 Rc8 11. Bb2 a6 12. Rc1 Re8 13. dxe5 dxe5 14. Nd5 Bd6 15. Qd2
Nc5 16. Nxf6+ Qxf6 17. Nh4 Rcd8 18. Nf5 Nxe4 19. Bxe4 Bxe4 20. Nxd6 Rxd6 21. Qe3
Bb7 22. f4 Rde6 23. Bxe5 Qf5 24. Qf2 c5 25. Rcd1 f6 26. Bb2 Rxe1+ 27. Rxe1 Rxe1+
28. Qxe1 Qd7 29. Qf2 Qc6 30. Kf1 Qe4 31. Ba3 Qb1+ 32. Qe1 Qd3+ 33. Kg1 h6 34.
Qf2 Qb1+ 35. Qf1 Qxa2 36. Bc1 Qxb3 37. Qd1 {White resigns} 0-1

[Event "Team 45 45 League T35"]
[Site "Internet Chess Club"]
[Date "2007.11.04"]
[Round "3"]
[White "dondel"]
[Black "Vincenzo76"]
[Result "0-1"]
[WhiteElo "1483"]
[BlackElo "1599"]
[Opening "Sicilian defense"]
[ECO "B30"]
[Time "16:03:02"]
[TimeControl "2700+45"]

1. e4 c5 2. Nf3 Nc6 3. Nc3 e5 4. d3 h6 5. Be3 d6 6. h3 Nf6 7. Be2 Be6 8. a3 Qd7
9. Qd2 O-O-O 10. O-O d5 11. exd5 Nxd5 12. Rfd1 f5 13. Qe1 g5 14. Nxd5 Bxd5 15.
c4 Be6 16. Nh2 g4 17. hxg4 fxg4 18. g3 Bd6 19. Rab1 Rdg8 20. b4 Nd4 21. Bxd4
exd4 22. b5 h5 23. b6 a6 24. Kg2 h4 25. gxh4 Rxh4 26. Nxg4 Bxg4 27. Bxg4 Qxg4+
28. Kf1 Rh1# {White checkmated} 0-1

[Event "Team 45 45 League T35"]
[Site "Internet Chess Club"]
[Date "2007.11.03"]
[Round "3"]
[White "AlPearson"]
[Black "Skyler"]
[Result "1-0"]
[WhiteElo "1450"]
[BlackElo "1241"]
[Opening "Caro-Kann: classical, 6.h4"]
[ECO "B18"]
[Time "14:01:10"]
[TimeControl "2700+45"]

1. e4 c6 2. d4 d5 3. Nc3 dxe4 4. Nxe4 Bf5 5. Ng3 Bg6 6. h4 h6 7. h5 Bh7 8. Nf3
e6 9. Bd3 Bxd3 10. Qxd3 Bd6 11. Be3 Nf6 12. O-O O-O 13. Ne5 Nbd7 14. f4 Rc8 15.
Rad1 Bb8 16. c3 c5 17. Qe2 cxd4 18. Nxd7 Nxd7 19. Bxd4 Nf6 20. Bc5 Qa5 21. Bxf8
Rxf8 22. a3 Qb6+ 23. Kh1 Bc7 24. c4 Qa5 25. Ne4 Nxe4 26. Qxe4 Qb6 27. b4 Rc8 28.
c5 Qa6 29. Qd3 Qc6 30. Qd7 Qxd7 31. Rxd7 Bxf4 32. Rxf4 {Black resigns} 1-0

[Event "Team 45 45 League T35"]
[Site "Internet Chess Club"]
[Date "2007.10.31"]
[Round "3"]
[White "Ser-Enigma"]
[Black "izit"]
[Result "0-1"]
[WhiteElo "2085"]
[BlackElo "2171"]
[Opening "King's Indian: 4.e4"]
[ECO "E70"]
[Time "15:13:03"]
[TimeControl "2700+45"]

1. d4 Nf6 2. c4 g6 3. Nc3 Bg7 4. e4 O-O 5. Bd3 d6 6. Nge2 c5 7. d5 e6 8. O-O
exd5 9. cxd5 Ng4 10. h3 Ne5 11. Bc2 Na6 12. a3 Rb8 13. f4 Nd7 14. Bd3 Nc7 15. a4
a6 16. a5 b5 17. axb6 Rxb6 18. Na4 Rb8 19. Rb1 Nb5 20. b3 Nd4 21. Bb2 Nxe2+ 22.
Bxe2 Nf6 23. e5 dxe5 24. Bxe5 Rb4 25. Bf3 Bf5 26. Rc1 Be4 27. Rxc5 Bxf3 28. Rxf3
Ne4 29. Rc6 Qa5 30. Bc7 Qb5 31. Kh2 Rd4 32. Qc2 Qxd5 33. Nb6 Qb5 34. Rc4 Re8 35.
Rd3 Rxd3 36. Qxd3 Nc5 37. Qd6 Bf8 38. Qf6 Be7 39. Qe5 Bf8 40. Qf6 Be7 41. Qe5
Nxb3 42. Qxb5 axb5 43. Re4 Nc5 44. Rxe7 Rxe7 45. Bd6 Re4 46. Bxc5 Rxf4 47. Kg3
Re4 48. Kf3 f5 49. g4 b4 50. Na4 Rc4 51. Be3 Kf7 52. g5 Ke6 53. Nc5+ Kd5 54. Nd7
Rc7 55. Nb6+ Kc6 56. Ke2 Re7 57. Nc8 Rb7 58. Kd2 b3 59. Kc1 Kd5 60. Kb2 Rb4 61.
Ne7+ Ke4 62. Bd2 Rb6 63. h4 f4 64. Bxf4 Re6 65. Nxg6 hxg6 66. Bd2 Rb6 67. Bc3
Kd3 68. Be5 Kc4 69. Bf6 Re6 70. Bg7 Re4 71. Bf6 Rxh4 72. Bg7 Rh2+ 73. Kb1 Rg2
74. Bf6 Kd3 75. Be7 Ke4 76. Bf6 Kf5 77. Bd8 Rxg5 78. Kb2 Rg3 79. Bh4 Rh3 80. Be1
g5 81. Bc3 g4 82. Kxb3 g3 83. Bd4 Ke4 84. Bg1 Kd3 {White resigns} 0-1

[Event "Team 45 45 League T35"]
[Site "Internet Chess Club"]
[Date "2007.11.05"]
[Round "3"]
[White "ddlj81"]
[Black "luar1609"]
[Result "1/2-1/2"]
[WhiteElo "2031"]
[BlackElo "2091"]
[Opening "Sicilian: Najdorf, Opocensky variation"]
[ECO "B92"]
[Time "21:02:05"]
[TimeControl "2700+45"]

1. e4 c5 2. Nf3 d6 3. d4 cxd4 4. Nxd4 Nf6 5. Nc3 a6 6. Be2 e5 7. Nb3 Be7 8. O-O
O-O 9. Kh1 b6 10. a4 Bb7 11. f3 Nc6 12. Bg5 Rc8 13. Qd2 Nb4 14. Bxf6 Bxf6 15.
Rfd1 Rc6 16. Rac1 Bg5 17. Qe1 Bxc1 18. Rxc1 Qc8 19. Qf1 Qe6 20. Bd3 Rcc8 21. Rd1
Rfd8 22. Nd2 d5 23. exd5 Nxd5 24. Bc4 Qh6 25. Bxd5 Bxd5 26. Qxa6 Be6 27. Qe2 Bf5
28. Nde4 Qc6 29. Rxd8+ Rxd8 30. h3 h6 31. Kh2 Bg6 32. Kh1 Kh8 33. Kh2 f5 34. Ng3
e4 35. fxe4 fxe4 36. Qe3 Re8 37. Kh1 Qc5 38. Nf1 Qb4 39. Qc1 Rd8 40. Ne3 Qc5 41.
Kh2 Kh7 42. Kh1 Qe5 43. Qe1 Qd4 44. Kh2 Be8 45. b3 b5 46. axb5 Bxb5 47. Nxb5
Qe5+ 48. Kh1 Qxb5 49. Qh4 Re8 50. Qe1 Qe5 51. Nc4 Qf6 52. Ne3 Ra8 53. Kh2 Rd8
54. Kh1 Qd6 55. Qh4 Re8 56. Qe1 Qe5 57. Nc4 Qd4 58. Ne3 Rf8 59. Kh2 Rc8 60. Kh1
Rc3 61. Nf5 Qe5 62. Ne3 Kh8 63. Qd2 Qc5 64. Nc4 Rg3 65. Qd8+ Kh7 66. Qh4 Qf2 67.
Qxe4+ Kg8 68. Qe6+ Kh8 69. Qe8+ Kh7 70. Qe4+ Kg8 71. Qe6+ Qf7 72. Qe1 Rg5 73.
Kh2 Qb7 74. Qe6+ Kh7 75. Qe2 Qb8+ 76. Kh1 Qg3 77. Qe4+ Kg8 78. Qe8+ Kh7 79. Qe4+
Kh8 {Game drawn by mutual agreement} 1/2-1/2

[Event "Team 45 45 League T35"]
[Site "Internet Chess Club"]
[Date "2007.11.05"]
[Round "3"]
[White "saZmer"]
[Black "Qui"]
[Result "1/2-1/2"]
[WhiteElo "1796"]
[BlackElo "2027"]
[Opening "Giuoco Piano"]
[ECO "C54"]
[Time "17:01:25"]
[TimeControl "2700+45"]

1. e4 e5 2. Nf3 Nc6 3. Bc4 Bc5 4. c3 Nf6 5. d4 exd4 6. cxd4 Bb4+ 7. Bd2 Bxd2+ 8.
Nbxd2 O-O 9. O-O d5 10. exd5 Nxd5 11. Nb3 Bg4 12. Qd3 Nb6 13. Nfd2 Re8 14. Rfe1
Nb4 15. Rxe8+ Qxe8 16. Qg3 Nxc4 17. Nxc4 Be6 18. Qxc7 Rc8 19. Nd6 Rxc7 20. Nxe8
Rc2 21. Nc5 Bd5 22. a3 Nc6 23. Nd7 Be6 24. Nc5 Nxd4 25. Nxb7 Rxb2 26. Nc5 Nb3
27. Nxb3 Rxb3 28. Nd6 Rd3 29. Ne4 Bb3 30. Kf1 Rd1+ 31. Rxd1 Bxd1 32. Ke1 Ba4 33.
Kd2 f5 34. Nc5 Bc6 35. g3 Kf7 36. Kc3 Ke7 37. Kd4 Kd6 38. Nd3 h5 39. Nf4 Be8 40.
h4 Bf7 41. Nd3 Be8 42. Ne5 Bb5 43. Nf7+ Ke7 44. Kc5 Be2 45. Ne5 Ke6 46. Nc6 Bf1
47. Nxa7 Ke5 48. Nb5 Ke4 49. a4 Kf3 50. a5 Kxf2 51. a6 Kxg3 52. a7 Bg2 53. Nd4
Ba8 54. Nxf5+ Kg4 55. Nxg7 Kxh4 56. Nxh5 Kxh5 {Game drawn by mutual agreement}
1/2-1/2

[Event "Team 45 45 League T35"]
[Site "Internet Chess Club"]
[Date "2007.11.05"]
[Round "3"]
[White "smitty120"]
[Black "boozehound"]
[Result "1-0"]
[WhiteElo "1973"]
[BlackElo "1679"]
[Opening "Sicilian: Najdorf"]
[ECO "B90"]
[Time "15:11:01"]
[TimeControl "2700+45"]

1. e4 c5 2. Nf3 d6 3. d4 cxd4 4. Nxd4 Nf6 5. Nc3 a6 6. f3 h5 7. Be3 Nbd7 8. Qd2
b5 9. Bd3 Nc5 10. Be2 Bb7 11. e5 dxe5 12. Ndxb5 Qxd2+ 13. Kxd2 O-O-O+ 14. Ke1 e6
15. Na3 e4 16. Kf2 exf3 17. gxf3 Ncd7 18. Nc4 Bc5 19. Bxc5 Nxc5 20. Ne5 Rhf8 21.
b4 Ncd7 22. Nc4 Kc7 23. Na5 Nb6 24. Nxb7 Kxb7 25. Rad1 Nbd5 26. Na4 Nd7 27. c4
Nf4 28. Rxd7+ Rxd7 29. Nc5+ Kc6 30. Nxd7 Kxd7 31. Rd1+ Kc7 32. Bf1 Rb8 33. a3 h4
34. Ke3 e5 35. Ke4 f6 36. c5 Ne6 37. Rd6 Ng5+ 38. Ke3 Ra8 39. Bxa6 Nf7 40. Rb6
Ra7 41. b5 Kd8 42. Rb8+ Kd7 43. Rb7+ Rxb7 44. Bxb7 Kc7 45. Be4 Nh6 46. a4 f5 47.
Bd5 g5 48. a5 g4 49. a6 f4+ 50. Ke2 Kb8 51. b6 gxf3+ 52. Kxf3 {Black resigns}
1-0